 Dungeon Crawl Stone Soup version 0.31-a0-187-gba352fbbf7 (webtiles) character file.

Game seed: 15212765510026594978

83 qw the Shooter (level 4, -2/25 HPs)
             Began as a Deep Elf Hunter on June 22, 2023.
             Slain by Sigmund
             ... wielding a +2 scythe of venom
              (9 damage)
             ... on level 2 of the Dungeon.
             The game lasted 00:00:27 (984 turns).

qw the Shooter (Deep Elf Hunter)                     Turns: 984, Time: 00:00:28

Health: -2/25      AC:  5    Str: 10    XL:     4   Next: 22%
Magic:  6/6        EV: 11    Int: 14    God:
Gold:   117        SH:  0    Dex: 18    Spells: 3/3 levels left

rFire   . . .        Y - +0 shortbow
rCold   . . .        (shield currently unavailable)
rNeg    . . .        e - +0 ring mail
rPois   .            (no helmet)
rElec   .            (no cloak)
rCorr   .            (no gloves)
SInv    .            (no boots)
Will    .....        (no amulet) Stlth
                     (no ring)
HPRegen 0.24/turn    (no ring)
MPRegen 0.10/turn

%: no passive effects
@: confused, lethally poisoned (-2 -> -8)
A: no striking features
a: no special abilities


You were on level 2 of the Dungeon.
You visited 1 branch of the dungeon, and saw 2 of its levels.

You collected 117 gold pieces.


   Skills:
 - Level 1.5 Fighting
 + Level 7.6 Ranged Weapons
 - Level 2.4 Dodging
 - Level 1.2 Stealth


You had 3 spell levels left.
You didn't know any spells.
Your spell library was empty.

Inventory:

Hand Weapons
 Y - a +0 shortbow (weapon)
Armour
 e - a +0 ring mail (worn)
Jewellery
 c - a ring of fire
Scrolls
 a - 2 scrolls of identify {unknown}
Potions
 b - a potion of degeneration {unknown}
 f - a potion of attraction {unknown}

Dungeon Overview and Level Annotations

Branches:
Dungeon (2/15)

Altars:

Annotations:
D:2 Sigmund


Message History

Enter note:
Enter note:
Enter note:
968 ||| DRINKING potion of curing.
You feel better.
968 ||| (to cure poison)
Enter note:
Enter note:
Enter note:
Enter note:
Enter note:
Enter note:
Enter note:
970 ||| FLEEEEING.
Sigmund casts a spell.
Sigmund flickers and vanishes!
Deactivating autopickup; reactivate with Ctrl-A.
971 ||| STILL FLEEEEING.
972 ||| STILL FLEEEEING.
973 ||| STILL FLEEEEING.
974 ||| STILL FLEEEEING.
Something tries to affect you, but you resist.
975 ||| STILL FLEEEEING.
976 ||| STILL FLEEEEING.
977 ||| STILL FLEEEEING.
978 ||| STILL FLEEEEING.
979 ||| STILL FLEEEEING.
You are confused.
You shoot an arrow. You shoot an arrow. You shoot an arrow. Something hits you.
You are poisoned.
You shoot an arrow.
You feel very sick.
You hear some strange, mumbled words.
A puff of flame appears from out of thin air!
The puff of flame hits you.
You shoot an arrow.
You feel sick. Something hits you!
You die...

#.###......#..# #.. #.
##......##.#########.#
#.
#........#...........##
..
#...###)..............##
.# #.#.#
#.#..............# ..#.#
#.###..........# ## ..
#.# #..........# #.#
#..........# #.#
#.@.{......## #.#
###.........# ..#
#.........# #.........#
#..)......# #.........#
#.........# #.........#
#.......).#


There were no monsters in sight!

Vanquished Creatures
  Jessica (D:2)
  An adder (D:2)
  A dart slug (D:1)
  4 endoplasms
  2 giant cockroaches
  5 goblins
  5 hobgoblins
  3 quokkas
  3 ball pythons
  6 bats
  4 frilled lizards
  4 kobolds
  6 rats
45 creatures vanquished.

Notes
Turn   | Place    | Note
-------+----------+-------------------------------------------
     0 | D:1      | qw the Deep Elf Hunter began the quest for the Orb.
     0 | D:1      | Reached XP level 1. HP: 12/12 MP: 3/3
     0 | D:1      | 0 ||| qw: Version: 0.3-a-9-g12657ce
     0 | D:1      | 0 ||| qw: Game counter: 2314
     0 | D:1      | 0 ||| qw: Always use a shield: true
     0 | D:1      | 0 ||| qw: God list: Okawaru
     0 | D:1      | 0 ||| qw: Allow faded altars: false
     0 | D:1      | 0 ||| qw: Do Orc after D:15 true
     0 | D:1      | 0 ||| qw: Do second Lair branch before Depths: true
     0 | D:1      | 0 ||| qw: Lair rune preference: random
     0 | D:1      | 0 ||| qw: Plans: Normal
     0 | D:1      | 0 ||| PLANNING D:1-11
     2 | D:1      | Noticed a tengu
     2 | D:1      | Noticed a formicid
     4 | D:1      | Noticed an elf
     4 | D:1      | Noticed an armataur
     6 | D:1      | Noticed a troll
     6 | D:1      | Noticed a demonspawn
     8 | D:1      | Noticed a vine stalker
     8 | D:1      | Noticed a draconian
    10 | D:1      | Noticed a minotaur
    12 | D:1      | Noticed a demigod
    12 | D:1      | Noticed a human
    14 | D:1      | Noticed a meteoran
    14 | D:1      | Noticed a merfolk
    16 | D:1      | Noticed a naga
    16 | D:1      | Noticed a gargoyle
    18 | D:1      | Noticed an octopode
    20 | D:1      | Noticed a spriggan
    20 | D:1      | Noticed an ogre
    22 | D:1      | Noticed a felid
    24 | D:1      | Noticed a vampire
    24 | D:1      | Noticed an ogre
    26 | D:1      | Noticed a formicid
    26 | D:1      | Noticed a demonspawn
    86 | D:1      | Reached XP level 2. HP: 16/16 MP: 4/4
    89 | D:1      | Reached skill level 6 in Ranged Weapons
   464 | D:1      | Reached XP level 3. HP: 20/20 MP: 5/5
   472 | D:1      | Found a faded altar of an unknown god.
   713 | D:1      | 713 ||| UPGRADING to +0 ring mail.
   723 | D:1      | 723 ||| DROPPING +0 leather armour.
   724 | D:1      | 724 ||| READING 2 scrolls labelled KOCSOY DUQU.
   725 | D:1      | 725 ||| READING scroll labelled PAJUEZO EBUSK.
   726 | D:1      | 726 ||| DRINKING 2 green potions.
   727 | D:1      | 727 ||| DROPPING scroll of noise.
   728 | D:1      | 728 ||| DROPPING scroll of butterflies.
   792 | D:2      | Noticed Jessica
   799 | D:2      | 799 ||| FLEEEEING.
   801 | D:2      | Killed Jessica
   802 | D:2      | Reached skill level 7 in Ranged Weapons
   802 | D:2      | Reached XP level 4. HP: 16/25 MP: 6/6
   965 | D:2      | Noticed Sigmund
   968 | D:2      | 968 ||| DRINKING potion of curing.
   968 | D:2      | 968 ||| (to cure poison)
   970 | D:2      | 970 ||| FLEEEEING.
   984 | D:2      | Slain by Sigmund

Levels and vault maps discovered:
D:1:      kb_arrival_jail, layout_loops_ring,
          shapermc_ecumenical_altar_mp_urbaneastern
D:2:      layout_rooms, minmay_small_reverse_x, uniq_jessica, uniq_sigmund

Skill      XL: |  1  2  3 |
---------------+----------+-----
Ranged Weapons | 6 7 |  7.6
Fighting       | |  1.5
Dodging        | |  2.4
Stealth        | |  1.2

Action                     |  1- 3 |  4- 6 || total
---------------------------+-------+-------++-------
   Fire: Shortbow          |    75 |    26 ||   101
    Use: Scroll            |     2 |       ||     2
         Potion            |     1 |     1 ||     2
 Armour: Leather armour    |     4 |       ||     4
  Dodge: Dodged            |     4 |     4 ||     8

Table legend:
 A = Non-vault XP
 B = Vault XP
 C = Vault XP percentage of total XP
 D = Non-vault monster count
 E = Vault monster count
 F = Vault count percentage of total count
                 A         B        C        D         E       F
            +---------+---------+-------+---------+---------+-------
      Total |      75 |      44 |  37.0 |      40 |       5 |  11.1
            +---------+---------+-------+---------+---------+-------
        D:1 |      48 |       0 |   0.0 |      29 |       0 |   0.0
        D:2 |      27 |      44 |  62.0 |      11 |       5 |  31.2
            +---------+---------+-------+---------+---------+-------
